 Dungeon Crawl Stone Soup version 0.20-a0-1018-ge435b50 (webtiles) character file.

6713 yowzah the Fighter (level 11, -4/104 HPs)
             Began as a Hill Orc Monk on Apr 17, 2017.
             Was a Priest of Cheibriados.
             Slain by a troll (9 damage)
             ... on level 9 of the Dungeon.
             The game lasted 00:23:06 (10278 turns).

yowzah the Fighter (Hill Orc Monk)                 Turns: 10278, Time: 00:23:07

Health: -4/104     AC: 19    Str: 21    XL:     11   Next: 3%
Magic:  14/14      EV:  9    Int: 16    God:    Cheibriados [***...]
Gold:   310        SH:  0    Dex: 22    Spells: 10/10 levels left

rFire    . . .     SeeInvis .   a - +1 war axe (venom)
rCold    . . .     Gourm    .   (no shield)
rNeg     . . .     Faith    .   A - +0 plate armour
rPois    .         Spirit   .   (no helmet)
rElec    +         Reflect  .   i - +0 cloak
rCorr    .         Harm     +   E - +0 pair of gloves
MR       .....                  (no boots)
Stlth    ..........             h - amulet of harm
Regen    0.3/turn               (no ring)
MPRegen  0.2/turn               (no ring)

@: very slow
A: thin metallic scales 1, electricity resistance
a: Bend Time, Temporal Distortion, Renounce Religion


You were on level 9 of the Dungeon.
You worshipped Cheibriados.
Cheibriados was most pleased with you.
You were hungry.

You visited 2 branches of the dungeon, and saw 10 of its levels.

You collected 310 gold pieces.

Inventory:

Hand Weapons
 a - a +1 war axe of venom (weapon)
 q - a +1 dagger of venom
 v - a +0 hand axe
 M - a +1 whip of flaming
Armour
 i - a +0 cloak (worn)
 A - a +0 plate armour (worn)
 E - a +0 pair of gloves (worn)
Jewellery
 h - an amulet of harm (around neck)
Wands
 m - a wand of iceblast (0/15)
 n - a wand of confusion (24/48)
 w - a wand of lightning (0/15)
 L - a wand of acid (3/15)
 N - a wand of lightning (6/15)
Scrolls
 c - 5 scrolls of identify
 d - 5 scrolls of remove curse
 f - 3 scrolls of recharging {unknown}
 j - 4 scrolls of fog
 k - a scroll of blinking {unknown}
 o - 3 scrolls of immolation {unknown}
 p - 3 scrolls of enchant weapon
 r - 3 scrolls of teleportation {unknown}
 s - a scroll of fear {unknown}
 t - a scroll of random uselessness {unknown}
 u - 2 scrolls of magic mapping {unknown}
 x - a scroll of noise {unknown}
 z - 2 scrolls of amnesia
 O - a scroll of holy word {unknown}
 Q - a scroll of enchant armour {unknown}
Potions
 e - a potion of flight
 C - 2 potions of magic
 G - a potion of agility
 H - a potion of resistance {unknown}
 I - a potion of brilliance {unknown}
 K - a potion of lignification {unknown}
 P - a potion of berserk rage {unknown}
Books
 b - a book of Maledictions

   Spells                             Type                      Level
   a - Corona                         Hexes                        1
   b - Ensorcelled Hibernation        Hexes/Ice                    2
   c - Confuse                        Hexes                        3
   d - Tukima's Dance                 Hexes                        3
   e - Dazzling Spray                 Conjuration/Hexes            3
 y - a book of Debilitation

   Spells                             Type                      Level
   a - Corona                         Hexes                        1
   b - Slow                           Hexes                        2
   c - Inner Flame                    Hexes/Fire                   3
   d - Portal Projectile              Hexes/Translocation          3
   e - Cause Fear                     Hexes                        4
   f - Leda's Liquefaction            Hexes/Earth                  4
 B - a book of Geomancy

   Spells                             Type                      Level
   a - Sandblast                      Earth                        1
   b - Passwall                       Transmutation/Earth          2
   c - Stone Arrow                    Conjuration/Earth            3
   d - Petrify                        Transmutation/Earth          4
   e - Lee's Rapid Deconstruction     Earth                        5
 J - a book of Changes

   Spells                             Type                      Level
   a - Beastly Appendage              Transmutation                1
   b - Sticks to Snakes               Transmutation                2
   c - Spider Form                    Transmutation/Poison         3
   d - Ice Form                       Ice/Transmutation            4
   e - Blade Hands                    Transmutation                5
Comestibles
 g - 6 royal jellies
 l - 5 meat rations
 D - a fruit
 R - 9 bread rations


   Skills:
 + Level 12.1 Fighting
 + Level 11.2 Axes
 + Level 10.3 Armour
 - Level 3.2 Dodging
 - Level 3.2 Stealth
 + Level 4.4 Invocations


You had 10 spell levels left.
You didn't know any spells.

Dungeon Overview and Level Annotations

Branches:
Dungeon (9/15)             Temple (1/1) D:7
   Lair: D:8-11         Orc: D:9-12

Altars:
Ashenzari
Cheibriados
Dithmenos
Elyvilon
Fedhas
Gozag
Hepliaklqana
Kikubaaqudgha
Makhleb
Okawaru
Qazlal
Ru
Sif Muna
Trog
Uskayaw
Vehumet
Wu Jian
Xom
Yredelemnul

Shops:
D:4 ?   D:6 *[:[

Annotations:
D:4 alphun's ghost, novice GnSk
D:9 puppykicker's ghost, journeyman MiEE


Innate Abilities, Weirdness & Mutations

You are partially covered in thin metallic scales. (AC +2)
You are resistant to electric shocks. (rElec)


Message History

3 stones; a dagger; a kobold corpse; a bullfrog corpse You feel better.
The troll bites you but does no damage. The troll closely misses you.
The troll claws you.
* * * LOW HITPOINT WARNING * * *
Okay, then.
You slash the troll!
The troll is moderately wounded.
The troll bites you!
* * * LOW HITPOINT WARNING * * *
The troll closely misses you. The troll barely misses you.
Unknown command.
You slash the troll!
The troll is poisoned.
The troll is severely wounded.
The troll bites you but does no damage. The troll closely misses you.
The troll claws you but does no damage.
Unknown command.
Your plate armour prevents you from hitting the troll.
The troll is severely wounded.
The troll bites you but does no damage. The troll claws you!
You die...

#........###
####........#
#...........#
#####.##.#..#####
.....>)....##....
###..#§§§§...#
#.(((§§W§#####
#.....####T##
....#...# #@#
..##..### #§# #
...# #§# .#.. ..#
.... ..## ... ###


You could see a troll and puppykicker's ghost.

Vanquished Creatures
  A two-headed ogre (D:8)
  Pikel (D:6)
  The ghost of case the Merchant of Misery, a novice DENe of Kikubaaqudgha (D:8)
  Joseph (D:7)
  A hornet (D:9)
  2 hippogriffs
  Sigmund (D:4)
  Eustachio (D:4)
  A spriggan (D:6)
  Menkaure (D:5)
  Edmund (D:5)
  A water moccasin (D:7)
  2 hornet zombies
  A necrophage (D:6)
  3 orc warriors
  2 sky beasts
  3 slaves (D:6)
  4 ogres
  2 phantoms
  5 centaurs
  4 bullfrogs
  Blork the orc (D:5)
  A big kobold (D:9)
  A wyvern skeleton (D:8)
  3 scorpions
  A water moccasin skeleton (D:5)
  4 wights (D:7)
  A howler monkey (D:6)
  2 crimson imps
  2 jellies (D:3)
  A gnoll shaman (D:6)
  4 orc priests
  3 hounds
  7 orc wizards
  A bullfrog skeleton (D:5)
  Ijyb (D:6)
  3 iguanas
  4 worker ants
  A hound zombie (D:8)
  A worker ant zombie (D:7)
  10 gnolls
  10 adders
  3 shadow imps
  9 oozes
  3 dart slugs (D:1)
  8 leopard geckos
  23 orcs
  2 bats
  2 giant cockroaches (D:4)
  3 goblins
  11 hobgoblins
  2 jackals (D:5)
  17 kobolds
  A quokka (D:8)
  A ball python (D:5)
  8 frilled lizards
  A leopard gecko zombie (D:7)
  A quokka skeleton (D:4)
  10 rats
206 creatures vanquished.

Vanquished Creatures (others)
  A slave (D:7)
  An orc (D:7)
  2 fungi (D:3)
  6 toadstools (D:3)
10 creatures vanquished.

Grand Total: 216 creatures vanquished

Notes
Turn   | Place    | Note
-------+----------+-------------------------------------------
     0 | D:1      | yowzah the Hill Orc Monk began the quest for the Orb.
     0 | D:1      | Reached XP level 1. HP: 22/22 MP: 1/1
   171 | D:1      | Reached skill level 5 in Fighting
   200 | D:1      | Reached skill level 1 in Armour
   243 | D:1      | Reached XP level 2. HP: 23/29 MP: 2/2
   785 | D:1      | Reached XP level 3. HP: 17/36 MP: 3/3
  1711 | D:2      | Found a sacrificial altar of Ru.
  1771 | D:2      | HP: 1/37 [poisoned by an adder]
  1772 | D:2      | Gained mutation: You are resistant to electric shocks. (rElec) [potion of mutation]
  1772 | D:2      | Gained mutation: You are partially covered in thin metallic scales. (AC +2) [potion of mutation]
  1805 | D:2      | Reached XP level 4. HP: 20/44 MP: 4/4
  2163 | D:3      | Reached skill level 6 in Fighting
  2163 | D:3      | Reached XP level 5. HP: 32/50 MP: 5/5
  2777 | D:4      | Noticed Sigmund
  3168 | D:3      | Reached skill level 1 in Axes
  3295 | D:3      | Reached XP level 6. HP: 45/58 MP: 6/6
  3411 | D:4      | Killed Sigmund
  3411 | D:4      | Reached skill level 7 in Fighting
  3455 | D:4      | Reached XP level 7. HP: 43/66 MP: 7/7
  3757 | D:4      | Noticed alphun's ghost (novice GnSk)
  3759 | D:4      | Noticed Ijyb
  3775 | D:5      | Entered Level 5 of the Dungeon
  3941 | D:4      | Reached skill level 5 in Armour
  3974 | D:4      | Noticed Eustachio
  3992 | D:4      | Killed Eustachio
  3992 | D:4      | Reached skill level 8 in Fighting
  3992 | D:4      | Reached skill level 5 in Axes
  4098 | D:4      | Reached XP level 8. HP: 29/74 MP: 8/8
  4494 | D:4      | Found Seon's Magic Scroll Boutique.
  4852 | D:5      | Noticed Blork the orc
  4865 | D:5      | Killed Blork the orc
  5337 | D:5      | Reached skill level 9 in Fighting
  5523 | D:5      | Noticed Menkaure
  5532 | D:5      | Killed Menkaure
  5840 | D:5      | Noticed Edmund
  5853 | D:5      | Killed Edmund
  5853 | D:5      | Reached XP level 9. HP: 71/84 MP: 9/9
  6365 | D:6      | Found Puru's Assorted Antiques.
  7000 | D:6      | Found Atatoti's Armour Shoppe.
  7038 | D:6      | Found Meudwia's Antique Armour Shoppe.
  7042 | D:6      | Reached skill level 10 in Fighting
  7102 | D:6      | Found Juicw's Book Emporium.
  7365 | D:7      | Noticed Pikel
  7377 | D:7      | Noticed Joseph
  7439 | D:6      | HP: 1/84 [orc warrior/flail (13)]
  7446 | D:6      | HP: 4/86 [Pikel/whip of flaming (2)]
  7448 | D:6      | Killed Pikel
  7934 | D:6      | Reached XP level 10. HP: 8/94 MP: 10/10
  8285 | D:6      | Killed Ijyb
  8462 | D:7      | Killed Joseph
  8462 | D:7      | Reached skill level 11 in Fighting
  8462 | D:7      | Reached skill level 10 in Axes
  8972 | D:7      | Found a staircase to the Ecumenical Temple.
  9006 | Temple   | Entered the Ecumenical Temple
  9217 | Temple   | Became a worshipper of Cheibriados the Contemplative
  9217 | Temple   | Reached * piety under Cheibriados
  9217 | Temple   | Reached ** piety under Cheibriados
  9495 | D:8      | Noticed a two-headed ogre
  9500 | D:8      | Killed a two-headed ogre
  9637 | D:8      | Noticed case's ghost (novice DENe)
  9655 | D:8      | Killed case's ghost
  9655 | D:8      | Reached skill level 10 in Armour
  9925 | D:8      | Reached skill level 12 in Fighting
 10263 | D:9      | Reached XP level 11. HP: 80/104 MP: 14/14
 10264 | D:9      | Reached *** piety under Cheibriados
 10265 | D:9      | Noticed puppykicker's ghost (journeyman MiEE)
 10273 | D:9      | HP: 4/104 [puppykicker's ghost (4)]
 10278 | D:9      | Slain by a troll

Vault maps used:
D:1:      ncdulo_lavacross, solitary_fountain, minmay_close_crescents
D:2:      nicolae_ru_sacrificial_ziggurat
D:3:      cheibrodos_fertilizer, first_bread, roderic_digamma_sauvastika
D:4:      serial_shops, shop_fountains, minmay_crystal_water, uniq_sigmund,
          uniq_iyjb, uniq_eustachio
D:5:      columned_hall_lemuel, uniq_blork_the_orc, uniq_edmund, uniq_menkaure
D:6:      serial_shops, shop, nicolae_shop_waterfront, shop, nicolae_shop_trees
D:7:      the_bakery, uniq_pikel, uniq_joseph
D:9:      kennysheep_mini, zin_treasury, kennysheep_mini_moat
Temple:   hc_temple_tempest_star

Skill      XL: |  1  2  3  4  5  6  7  8  9 10 |
---------------+-------------------------------+-----
Fighting       | 5 6 7 8 9 10 12 | 12.1
Armour         | 1 2 3 4 5 7 8 10 | 10.3
Axes           | 2 3 5 7 9 11 | 11.2
Invocations    | 4 |  4.4
Dodging        | |  3.2
Stealth        | |  3.2

Action                   |  1- 3 |  4- 6 |  7- 9 | 10-12 || total
-------------------------+-------+-------+-------+-------++-------
Melee: Unarmed           |    41 |       |       |       ||    41
       Spear             |    95 |    54 |       |       ||   149
       Dagger            |       |   119 |   131 |       ||   250
       Hand axe          |       |       |    21 |       ||    21
       War axe           |       |       |   202 |   185 ||   387
Evoke: Wand              |       |     2 |     1 |       ||     3
  Use: Potion            |     4 |       |     5 |     2 ||    11
       Scroll            |       |       |     5 |     2 ||     7
 Stab: Sleeping          |     4 |       |       |       ||     4
       Distracted        |     1 |       |       |       ||     1
  Eat: Chunk             |     3 |     3 |    11 |     6 ||    23
       Bread ration      |       |     1 |       |       ||     1
       Fruit             |       |       |     1 |       ||     1
Armor: Robe              |    12 |     4 |       |       ||    16
       Ring mail         |       |    50 |       |       ||    50
       Plate armour      |       |       |   283 |   177 ||   460
       Chain mail        |       |       |     6 |       ||     6
Dodge: Dodged            |    73 |    95 |   121 |    77 ||   366
